 Dungeon Crawl Stone Soup version 0.23-a0-837-ga3e6480 (webtiles) character file.

728 poirepourri the Cleaver (level 7, -1/61 HPs)
             Began as a Deep Dwarf Fighter on Jan 24, 2019.
             Was an Initiate of Makhleb.
             Slain by a hornet (3 damage)
             ... while paralysed by a hornet
             ... on level 6 of the Dungeon.
             The game lasted 00:03:34 (3277 turns).

poirepourri the Cleaver (Deep Dwarf Fighter)        Turns: 3277, Time: 00:03:35

Health: -1/61      AC:  8    Str: 19    XL:     7   Next: 44%
Magic:  6/6        EV:  2    Int: 14    God:    Makhleb [......]
Gold:   345        SH:  0    Dex: 18    Spells: 6/6 levels left

rFire    . . .     SeeInvis .   a - +0 war axe
rCold    . . .     Gourm    .   c - +2 shield
rNeg     . . .     Faith    .   r - +0 scale mail
rPois    .         Spirit   .   w - +0 helmet
rElec    .         Reflect  .   (no cloak)
rCorr    .         Harm     .   (no gloves)
MR       ++...                  (no boots)
Stlth    ..........             (no amulet)
HPRegen  0.00/turn              s - +4 ring of dexterity
MPRegen  0.10/turn              k - ring of protection from magic

@: paralysed, brilliant, non-regenerating, slowed
A: damage resistance, heal wounds, sense surroundings 1, no regeneration
a: Heal Wounds, Renounce Religion


You were on level 6 of the Dungeon.
You worshipped Makhleb.
Makhleb was noncommittal.
You were not hungry.

You visited 1 branch of the dungeon, and saw 6 of its levels.

You collected 345 gold pieces.

Inventory:

Hand Weapons
 a - a +0 war axe (weapon)
 b - a +6 flail of holy wrath
Missiles
 d - 33 bolts
Armour
 c - a +2 shield (worn)
 r - a +0 scale mail (worn)
 w - a +0 helmet (worn)
Jewellery
 k - a ring of protection from magic (right hand)
 q - an uncursed ring of ice
 s - a +4 ring of dexterity (left hand)
Wands
 i - a wand of disintegration (8)
 n - a wand of polymorph (9)
Scrolls
 h - a scroll of fog
 j - a scroll of remove curse
 o - 5 scrolls of teleportation
 p - a scroll of amnesia
 u - 2 scrolls of identify
 v - a scroll of fear {unknown}
Potions
 e - a potion of mutation
 l - a potion of haste
 m - a potion of magic
 t - a potion of lignification {unknown}
Comestibles
 f - 10 rations


   Skills:
 - Level 2.6 Fighting
 + Level 9.3 Axes
 - Level 3.2 Armour
 - Level 3.2 Shields


You had 6 spell levels left.
You didn't know any spells.
Your spell library contained the following spells:

 Spells                   Type           Power        Failure   Level  Hunger
 Corona                   Hex            #......      34%         1    ##.....
 Ensorcelled Hibernation  Hex/Ice        #.....       47%         2    ###....
 Slow                     Hex            #.......     47%         2    ###....
 Confuse                  Hex            #.......     67%         3    ####...
 Dazzling Spray           Conj/Hex       #.....       67%         3    ####...
 Inner Flame              Hex/Fire       #.......     67%         3    ####...
 Portal Projectile        Hex/Tloc       #.....       67%         3    ####...
 Tukima's Dance           Hex            #.......     67%         3    ####...
 Cause Fear               Hex            #.........   95%         4    #####..
 Leda's Liquefaction      Hex/Erth       #.........   95%         4    #####..


Dungeon Overview and Level Annotations

Branches:
Dungeon (6/15)
 Temple: D:4-7

Altars:
Fedhas
Hepliaklqana
Makhleb
Nemelex Xobeh
Qazlal
Ru
Vehumet
Wu Jian

Shops:
D:6 =


Innate Abilities, Weirdness & Mutations

You are resistant to damage.
You can heal yourself by infusing magical energy.
You passively map a small area around you.
You do not regenerate.


Message History

The crimson imp shouts!
The crimson imp puffs mist at you.
You see here 11 gold pieces.
You now have 345 gold pieces (gained 11).
The hound bites you.
It was a potion of brilliance.
You feel clever all of a sudden. The hound bites you but does no damage.
The hornet stings you.
You feel yourself slow down. You block the hound's attack.
The hornet stings you!
You suddenly lose the ability to move!
You feel yourself speed up. The hound bites you but does no damage.
The hornet stings you!
* * * LOW HITPOINT WARNING * * *
You feel yourself slow down.
You feel yourself speed up. The hound bites you. The hornet stings you!
* * * LOW HITPOINT WARNING * * *
You feel yourself slow down. The hound bites you but does no damage.
The hornet stings you.
You die...

* , , * , ..≈≈≈≈
....... #≈≈≈ * ,
,......##### #.####. ,
,,,.........## ,#......
,, , , .......,.##
.#.####. , ,, *,
,..#.., ..##.######.
#.###.#h###...#........
,
#.....#y.5......######.
#..@hY#......## #.
,#.###.#.###...## #. ,
# ..#.Y......## #. ,
#..[..#Y.....###. **
#$###.#.###....)) , ,
,* ,
,,#..!..#Yh........ *
,, , ,
..,#.....#....... * *
.### #†###.#.###...
.....#†h...#.......


You could see a hornet, a black bear, a sky beast, a hound and a crimson imp.

Vanquished Creatures
  A black bear (D:6)
  An ogre (D:6)
  2 centaurs
  Blork the orc (D:4)
  A crimson imp (D:5)
  2 orc wizards (D:6)
  2 worker ants
  A gnoll (D:1)
  8 adders
  An ooze (D:3)
  A worm (D:2)
  2 dart slugs (D:1)
  A leopard gecko (D:1)
  4 orcs
  2 ball pythons
  5 giant cockroaches
  7 goblins
  8 hobgoblins
  14 jackals
  7 kobolds
  5 quokkas
  9 bats
  8 frilled lizards
  9 rats
102 creatures vanquished.

Notes
Turn   | Place    | Note
-------+----------+-------------------------------------------
     0 | D:1      | poirepourri the Deep Dwarf Fighter began the quest for the
                  | Orb.
     0 | D:1      | Reached XP level 1. HP: 20/20 MP: 1/1
    59 | D:1      | Reached skill level 3 in Axes
    59 | D:1      | Reached XP level 2. HP: 18/27 MP: 2/2
   220 | D:1      | Reached skill level 4 in Axes
   220 | D:1      | Reached XP level 3. HP: 30/33 MP: 3/3
   367 | D:1      | You fall through a shaft!
   397 | D:2      | Reached XP level 4. HP: 33/40 MP: 4/4
   454 | D:2      | Noticed a centaur
   461 | D:2      | Killed a centaur
   461 | D:2      | Reached skill level 5 in Axes
   461 | D:2      | Reached XP level 5. HP: 29/46 MP: 5/5
   469 | D:2      | Found a blossoming altar of Fedhas.
   711 | D:2      | Reached skill level 6 in Axes
  1298 | D:3      | Found an ornate altar of the Wu Jian Council.
  1601 | D:3      | Found a sacrificial altar of Ru.
  1684 | D:3      | Found a faded altar of an unknown god.
  2009 | D:4      | Noticed Blork the orc
  2018 | D:4      | Killed Blork the orc
  2018 | D:4      | Reached skill level 7 in Axes
  2018 | D:4      | Reached XP level 6. HP: 27/55 MP: 5/5
  2145 | D:4      | Found a stormy altar of Qazlal.
  2146 | D:4      | Found a burning altar of Makhleb.
  2148 | D:4      | Found a radiant altar of Vehumet.
  2150 | D:4      | Found a sparkling altar of Nemelex Xobeh.
  2151 | D:4      | Found a hazy altar of Hepliaklqana.
  2172 | D:4      | Became a worshipper of Makhleb the Destroyer
  2250 | D:5      | Entered Level 5 of the Dungeon
  2287 | D:5      | Reached skill level 8 in Axes
  3148 | D:6      | Reached XP level 7. HP: 37/61 MP: 6/6
  3156 | D:6      | Found Efucec's Jewellery Emporium.
  3250 | D:6      | Noticed a hornet
  3255 | D:6      | Reached skill level 9 in Axes
  3275 | D:6      | Paralysed by a hornet for 3 turns
  3277 | D:6      | HP: 2/61 [hornet (10)]
  3277 | D:6      | Slain by a hornet

Vault maps used:
D:1:      dpeg_arrival_prison
D:2:      fedhas_altar_1, minmay_vboxes
D:3:      nicolae_overflow_crystal_walls, first_ration,
          chequers_ecumenical_altar_simple, nicolae_ru_path_of_blood
D:4:      grunt_temple_overflow_open, uniq_blork_the_orc
D:5:      marbit_many_paths
D:6:      hangedman_cross_stitches, ashenzari_conservatory_becter, serial_shops,
          nicolae_shop_waterfront

Skill      XL: |  1  2  3  4  5  6  7 |
---------------+----------------------+-----
Axes           | 3 4 5 7 8 9 |  9.3
Fighting       | |  2.6
Armour         | |  3.2
Shields        | |  3.2

Action                   |  1- 3 |  4- 6 |  7- 9 || total
-------------------------+-------+-------+-------++-------
Melee: War axe           |   114 |   212 |    38 ||   364
 Abil: Heal Wounds       |     2 |     2 |     1 ||     5
Evoke: Wand              |       |     2 |       ||     2
  Use: Scroll            |       |    10 |       ||    10
       Potion            |       |     1 |     2 ||     3
  Eat: Ration            |       |     3 |       ||     3
Armor: Scale mail        |    67 |    88 |    38 ||   193
Dodge: Dodged            |    43 |    73 |    21 ||   137
Block: Shield            |    66 |   122 |    37 ||   225

Table legend:
 A = Non-vault XP
 B = Vault XP
 C = Vault XP percentage of total XP
 D = Non-vault monster count
 E = Vault monster count
 F = Vault count percentage of total count
                 A         B        C        D         E       F
            +---------+---------+-------+---------+---------+-------
      Total |     763 |     277 |  26.6 |      86 |      16 |  15.7
            +---------+---------+-------+---------+---------+-------
        D:1 |      68 |       4 |   5.6 |      29 |       3 |   9.4
        D:2 |     198 |      25 |  11.2 |      19 |       9 |  32.1
        D:3 |      61 |       0 |   0.0 |      25 |       0 |   0.0
        D:4 |     109 |     100 |  47.8 |       2 |       1 |  33.3
        D:5 |      87 |       2 |   2.2 |       5 |       1 |  16.7
        D:6 |     240 |     146 |  37.8 |       6 |       2 |  25.0
            +---------+---------+-------+---------+---------+-------
